Map: Ruins of Seras

Players

Nina (Lillekanin) - Winner!

  • Race: Terran Terran
  • League: Diamond

EndOfLine

  • Race: Zerg Zerg
  • League: Master

Event: ASL Season 5 Prime League LOTV Beta

VOD

Have the link to the VOD?

Description

Time

  • Played on: Sept. 1, 2015, 10:22 p.m.
  • Length: 25:30

All games in this series

Show
View Real Time Build Order
Export as new Build Order

Nina Terran - Winner!

Build Orders: 1 Rax Expand, Liberator Opening, Hellbat Liberator, Mech 

Get SALT Encoding   

  12  0:01  SCV  
  13  0:13  SCV  
  14  0:19  Supply Depot  
  14  0:25  SCV  
  15  0:40  SCV  
  15  0:41  Barracks  
  16  0:47  Refinery  
  16  0:52  SCV  
  17  1:04  SCV  
  18  1:17  SCV  
  19  1:29  SCV  
  19  1:31  Barracks Reactor  
  20  1:38  Command Center  
  20  1:44  SCV  
  21  1:56  Orbital Command  
  21  2:07  Marine  
  21  2:08  Marine  
  23  2:13  Factory  
  23  2:26  SCV  
  24  2:38  SCV  
  25  2:45  Command Center  
  25  3:00  SCV  
  26  3:07  SCV  
  26  3:08  Starport  
  26  3:11  Hellion  
  26  3:12  Hellion  
  31  3:16  SCV  
  32  3:21  Refinery  
  32  3:28  SCV, Bunker  
  32  3:32  SCV  
  34  3:36  Liberator  
  34  3:37  Hellion  
  36  3:45  Hellion  
  38  3:51  SCV  
  42  3:59  SCV  
  42  4:00  SCV  
  44  4:06  SCV  
  44  4:09  Hellion  
  47  4:11  SCV  
  48  4:20  Armory  
  48  4:21  SCV  
  49  4:25  Barracks Reactor  
  49  4:27  Hellion  
  49  4:29  SCV  
  52  4:32  SCV  
  52  4:36  SCV  
  54  4:41  SCV  
  54  4:44  SCV  
  54  4:45  Factory  
  55  4:48  SCV  
  55  4:52  Hellion  
  58  4:55  Refinery  
  58  4:57  Refinery  
  58  5:03  SCV  
  58  5:04  SCV  
  61  5:07  SCV  
  61  5:17  Supply Depot  
  61  5:22  Liberator  
  61  5:23  Factory  
  61  5:27  Engineering Bay  
  61  5:33  Supply Depot  
  61  5:36  Factory Tech Lab  
  64  5:43  Supply Depot  
  64  5:45  Supply Depot  
  64  5:48  SCV x2  
  66  5:58  Supply Depot  
  66  5:59  Factory, Terran Vehicle Weapons Level 1  
  66  6:05  Planetary Fortress  
  66  6:13  Factory Tech Lab  
  66  6:15  Missile Turret  
  66  6:18  Missile Turret  
  63  6:26  Supply Depot  
  63  6:29  Siege Tank  
  63  6:30  SCV  
  63  6:31  SCV  
  68  6:41  Siege Tank  
  68  6:42  SCV  
  68  6:45  Factory Tech Lab  
  68  6:46  Missile Turret  
  72  6:54  Armory  
  70  6:57  Supply Depot  
  70  6:58  SCV x2  
  72  7:03  Hellbat  
  72  7:07  SCV, Bunker  
  75  7:10  SCV  
  75  7:15  Liberator  
  76  7:18  SCV  
  76  7:20  SCV  
  76  7:21  Liberator  
  76  7:22  SCV  
  77  7:27  Missile Turret  
  77  7:28  Hellion  
  77  7:30  SCV  
  77  7:32  SCV  
  82  7:41  SCV  
  86  7:48  SCV  
  86  7:49  Refinery x2  
  87  7:53  Terran Vehicle And Ship Armor Level 1  
  87  7:54  SCV x2  
  89  8:01  Orbital Command  
  89  8:02  Liberator  
  89  8:04  Liberator  
  89  8:05  Mag-Field Accelerator  
  89  8:06  Infernal Pre-Igniter  
  89  8:08  SCV x2  
  91  8:13  Cyclone  
  97  8:20  SCV  
  97  8:23  SCV  
  102  8:29  Terran Vehicle Weapons Level 2  
  102  8:32  SCV  
  102  8:33  Hellion  
  105  8:37  Cyclone  
  105  8:38  Missile Turret  
  105  8:41  Hellion  
  110  8:53  SCV x3  
  110  8:54  Cyclone x2  
  119  9:09  Hellion x7  
  119  9:12  Cyclone  
  119  9:15  Hellbat  
  119  9:16  Missile Turret  
  124  9:19  Command Center  
  124  9:22  Supply Depot x2, Liberator, Hellbat  
  126  9:26  Cyclone, Liberator  
  126  9:29  Cyclone  
  129  9:39  Missile Turret  
  129  9:40  Missile Turret  
  135  9:53  Terran Vehicle And Ship Armor Level 2  
  135  9:55  Hellion x2  
  135  9:57  Supply Depot  
  135  9:59  Supply Depot x2  
  139  10:12  Siege Tank  
  139  10:13  Hellion  
  134  10:15  Siege Tank  
  134  10:16  Hellion  
  134  10:17  Hellion  
  134  10:32  SCV x2  
  134  10:33  SCV  
  134  10:34  Siege Tank  
  128  10:38  Hellion x2  
  130  10:44  SCV, Siege Tank  
  130  10:47  Siege Tank  
  134  10:53  Hellion x5  
  134  10:54  Hellion x4  
  134  10:59  Hellbat  
  134  11:03  Starport  
  136  11:04  Starport  
  136  11:08  Terran Vehicle Weapons Level 3  
  134  11:12  Hellbat x2  
  138  11:21  Liberator  
  138  11:26  Hellion, Siege Tank  
  138  11:27  Hellion  
  138  11:30  Sensor Tower  
  145  11:34  Supply Depot  
  145  11:35  Supply Depot, Liberator  
  148  11:53  Starport Tech Lab  
  148  11:56  SCV x2  
  148  11:58  Starport Tech Lab  
  150  12:03  Cyclone x2  
  154  12:16  Hellbat x2  
  154  12:21  Planetary Fortress  
  158  12:27  Hellbat  
  158  12:28  Terran Vehicle And Ship Armor Level 3  
  160  12:31  Cloaking Field  
  160  12:35  Hellbat  
  160  12:36  Hellbat  
  164  12:37  SCV x2, Hellbat  
  164  12:38  Banshee  
  164  12:43  Command Center  
  171  12:55  SCV  
  171  12:56  SCV  
  173  13:02  Hellion x2  
  177  13:10  SCV x2  
  177  13:12  Banshee  
  170  13:14  SCV  
  170  13:21  Banshee  
  170  13:22  SCV x2  
  170  13:26  Command Center, SCV  
  174  13:30  Command Center  
  174  13:36  Hellion x4  
  170  13:43  Cyclone x2  
  174  13:49  SCV  
  174  13:55  Raven  
  175  14:02  Fusion Core  
  177  14:04  Raven  
  177  14:06  Missile Turret  
  177  14:09  Missile Turret  
  179  14:13  Refinery  
  179  14:15  Command Center  
  179  14:17  Missile Turret  
  179  14:23  Missile Turret  
  168  14:27  Liberator x2  
  163  14:40  Refinery  
  169  14:47  SCV  
  169  14:49  Banshee  
  169  14:50  Banshee  
  169  14:51  Hyperflight Rotors  
  167  14:55  Orbital Command  
  164  15:00  Planetary Fortress  
  164  15:03  SCV  
  165  15:09  SCV x2  
  167  15:20  SCV  
  168  15:21  SCV  
  169  15:30  Cyclone  
  169  15:32  Sensor Tower  
  169  15:33  Terran Ship Weapons Level 1  
  172  15:36  Refinery  
  172  15:38  Refinery, Missile Turret  
  172  15:45  Planetary Fortress  
  170  15:52  Cyclone  
  170  15:53  Cyclone  
  170  15:54  Banshee  
  175  16:20  Cyclone  
  175  16:25  Cyclone x2  
  184  16:26  Starport  
  184  16:37  Banshee x2  
  190  16:50  Planetary Fortress  
  190  16:51  Command Center x2  
  161  17:20  Banshee x2  
  147  17:30  Cyclone x3  
  147  17:31  SCV  
  157  17:48  Hellbat x2  
  158  18:02  Cyclone, Hellbat  
  158  18:03  Banshee x2  
  164  18:06  Terran Ship Weapons Level 2  
  164  18:26  Hellion x2  
  164  18:27  Hellion x2, Orbital Command  
  172  18:28  SCV x2  
  172  18:31  Refinery  
  174  18:34  Hellion  
  174  18:36  Refinery, Sensor Tower  
  174  18:39  Planetary Fortress  
  176  18:45  Banshee x2  
  182  18:48  Missile Turret  
  182  18:50  Missile Turret  
  182  19:01  Sensor Tower  
  176  19:08  Cyclone x3  
  185  19:22  Command Center  
  185  19:28  Banshee  
  166  19:46  Cyclone x3  
  172  19:55  Hellbat x2  
  172  19:58  Banshee  
  176  20:00  Starport Tech Lab  
  176  20:02  SCV  
  177  20:11  Banshee  
  180  20:17  Hellbat  
  180  20:18  Cyclone  
  185  20:24  Cyclone x2  
  191  20:33  Hellion x2  
  191  20:38  Command Center  
  191  20:41  Banshee  
  188  20:49  Viking x2  
  192  20:50  Cyclone, Viking  
  192  20:56  Cyclone  
  197  21:01  Cyclone  
  197  21:03  Command Center  
  200  21:13  Starport  
  200  21:14  Starport  
  196  21:26  Command Center  
  196  21:28  Planetary Fortress  
  194  21:37  Banshee x2  
  200  21:45  Refinery  
  200  21:46  Refinery  
  199  22:00  Command Center  
  188  22:15  Liberator x2  
  162  22:33  Banshee  
  156  22:39  Siege Tank, Hellbat x2  
  163  22:45  Banshee x2  
  163  22:47  Cyclone  
  170  22:58  Missile Turret  
  167  23:15  Starport Tech Lab  
  167  23:16  Banshee  
  170  23:20  Orbital Command  
  170  23:26  Cyclone x3  
  179  23:28  Raven  
  179  23:31  Hellion x2  
  185  23:46  Starport Tech Lab  
  185  23:52  Hellbat x2  
  189  23:58  Cyclone x2  
  189  23:59  Hellbat  
  194  24:05  Orbital Command  
  194  24:15  Raven  
  196  24:20  Cyclone  
  199  24:30  Cyclone  
  190  24:32  Cyclone  
  164  24:48  Hellbat  
  164  24:51  Hellbat  
  164  24:52  Siege Tank  
  165  25:03  Hellbat  
  165  25:04  Hellbat  
  169  25:07  SCV x3  
  169  25:08  SCV x2  
  169  25:09  SCV  
Show
View Real Time Build Order
Export as new Build Order

EndOfLine Zerg 

Build Orders: Hatch First, Lurkers, Roach Hydra Lurker 

Get SALT Encoding   

  12  0:08  Overlord  
  12  0:13  Drone  
  13  0:18  Drone  
  14  0:27  Drone  
  15  0:47  Hatchery  
  15  0:50  Drone  
  15  0:54  Drone  
  16  1:09  Spawning Pool  
  15  1:12  Drone  
  15  1:15  Drone  
  17  1:19  Drone  
  17  1:24  Drone  
  19  1:35  Drone  
  20  1:56  Queen  
  20  1:59  Queen  
  20  2:00  Zergling x4  
  26  2:03  Spine Crawler  
  26  2:06  Overlord  
  25  2:11  Drone  
  25  2:12  Drone  
  27  2:17  Drone  
  28  2:31  Queen  
  28  2:35  Queen  
  32  2:40  Overlord  
  32  2:41  Drone  
  32  2:42  Drone  
  34  2:44  Drone  
  34  2:48  Drone  
  36  3:05  Drone x4  
  37  3:06  Drone x2  
  41  3:13  Drone x2  
  41  3:18  Extractor  
  41  3:19  Extractor  
  41  3:21  Roach Warren  
  41  3:25  Overlord x2  
  40  3:30  Extractor  
  39  3:41  Drone x5  
  43  3:58  Drone x4  
  43  4:02  Drone  
  48  4:09  Evolution Chamber  
  47  4:11  Roach x2  
  47  4:12  Evolution Chamber  
  47  4:13  Lair  
  47  4:16  Drone  
  51  4:18  Spore Crawler  
  50  4:26  Roach  
  50  4:27  Roach  
  50  4:28  Drone x4  
  50  4:30  Spore Crawler  
  57  4:37  Zerg Ground Armor Level 1  
  57  4:45  Drone  
  57  4:46  Drone  
  57  4:49  Zerg Missile Weapons Level 1  
  59  4:58  Hatchery  
  58  5:03  Drone x2  
  58  5:05  Overlord x2, Extractor  
  59  5:11  Ravager  
  56  5:25  Ravager  
  56  5:26  Roach x2  
  59  5:29  Roach x2  
  59  5:30  Glial Reconstitution  
  59  5:32  Drone x3  
  59  5:34  Roach  
  67  5:39  Drone  
  67  5:48  Ravager  
  65  5:56  Ravager  
  66  5:59  Ravager  
  66  6:00  Drone x3  
  66  6:01  Drone x2  
  70  6:12  Roach x2  
  69  6:24  Drone x2  
  68  6:26  Roach  
  68  6:27  Roach  
  68  6:29  Roach x2  
  68  6:32  Roach  
  78  6:36  Roach  
  78  6:37  Drone  
  81  6:45  Overlord  
  81  6:47  Zerg Missile Weapons Level 2  
  81  6:49  Drone  
  81  6:50  Drone, Hydralisk Den  
  82  7:02  Overlord x5  
  78  7:21  Drone  
  78  7:22  Drone x5  
  72  7:27  Muscular Augments  
  72  7:30  Drone x2  
  72  7:31  Drone x4  
  72  7:35  Zerg Ground Armor Level 2  
  78  7:37  Hatchery  
  78  7:41  Drone x3  
  80  7:47  Overlord  
  80  7:52  Roach  
  80  7:53  Roach x2  
  80  7:54  Extractor x2  
  84  7:59  Hydralisk x2  
  84  8:01  Overseer  
  88  8:10  Hydralisk x3  
  88  8:11  Hydralisk  
  96  8:23  Roach x7  
  110  8:28  Hydralisk x2  
  116  8:34  Roach x2  
  116  8:35  Overlord  
  116  8:41  Roach x3  
  124  8:52  Hydralisk x4  
  133  8:55  Roach  
  133  8:56  Roach  
  129  9:06  Hydralisk  
  129  9:07  Hydralisk x2  
  129  9:08  Roach  
  138  9:10  Ravager x2  
  138  9:13  Ravager  
  138  9:14  Ravager  
  141  9:35  Lurker Den  
  138  9:40  Drone x4  
  138  9:41  Drone x2, Overlord  
  138  9:42  Overlord x4  
  144  9:57  Infestation Pit  
  143  10:00  Roach  
  143  10:01  Roach x3  
  127  10:16  Roach x5  
  91  10:39  Drone  
  91  10:40  Drone x9  
  97  10:53  Drone x5  
  102  10:58  Hive  
  102  11:09  Spore Crawler  
  102  11:10  Drone x6  
  107  11:13  Spore Crawler  
  105  11:23  Ravager x4  
  105  11:24  Ravager x5  
  114  11:26  Roach x3  
  114  11:27  Roach  
  114  11:29  Hatchery  
  121  11:34  Spine Crawler  
  120  11:52  Roach  
  120  11:53  Roach x11  
  138  11:59  Lurker x4  
  138  12:00  Lurker x2  
  144  12:04  Drone  
  144  12:05  Drone x3  
  144  12:10  Drone  
  144  12:13  Drone  
  144  12:14  Drone x3  
  140  12:30  Drone x8  
  140  12:31  Drone x2  
  140  12:33  Spore Crawler  
  140  12:36  Roach  
  151  12:37  Roach, Extractor  
  152  12:44  Roach x2  
  152  12:45  Roach  
  152  12:50  Viper x2  
  120  13:13  Roach  
  120  13:14  Roach x11  
  120  13:17  Roach  
  120  13:18  Roach  
  130  13:23  Roach x3  
  134  13:34  Hydralisk x4  
  128  13:36  Zerg Missile Weapons Level 3  
  126  13:49  Drone x8  
  126  13:50  Drone x3  
  126  13:52  Extractor  
  126  13:54  Extractor  
  135  13:56  Zerg Ground Armor Level 3  
  135  14:00  Hydralisk x2  
  139  14:08  Drone x3  
  139  14:09  Drone  
  143  14:10  Spore Crawler  
  143  14:12  Roach  
  118  14:27  Hydralisk x7  
  126  14:34  Roach  
  126  14:35  Roach x3  
  123  14:50  Drone x6  
  123  14:51  Drone  
  123  14:52  Drone x5  
  129  14:53  Roach x2  
  129  14:54  Roach  
  129  14:58  Extractor  
  134  15:02  Viper x3  
  134  15:03  Roach  
  145  15:08  Roach x2  
  149  15:18  Hydralisk  
  149  15:19  Hydralisk x3  
  157  15:23  Roach x2  
  161  15:31  Spine Crawler  
  160  15:36  Viper x2  
  160  15:37  Overlord x2  
  160  15:38  Overlord  
  160  15:42  Roach x3  
  172  15:51  Hatchery  
  172  15:55  Roach  
  173  15:57  Overlord x2  
  173  15:59  Roach  
  173  16:00  Roach  
  177  16:06  Roach x4  
  185  16:18  Hydralisk x3  
  182  16:19  Hydralisk x2  
  182  16:20  Roach  
  182  16:22  Roach  
  196  16:26  Roach x2  
  200  16:50  Hatchery  
  199  17:00  Spine Crawler  
  168  17:12  Hydralisk  
  168  17:13  Hydralisk x16  
  146  17:23  Roach x5  
  146  17:24  Roach  
  128  17:32  Roach x2  
  128  17:33  Roach x4  
  133  17:40  Viper x2  
  133  17:41  Viper  
  140  17:50  Overseer  
  140  17:51  Overseer x2  
  140  17:52  Pneumatized Carapace  
  140  17:57  Roach x6  
  140  17:58  Roach  
  152  18:07  Drone  
  152  18:08  Drone x9  
  162  18:16  Viper x3  
  175  18:27  Roach x4  
  179  18:35  Roach  
  179  18:36  Roach x3  
  179  18:37  Hatchery  
  186  18:43  Spore Crawler  
  186  18:45  Spore Crawler  
  182  18:50  Hydralisk x6  
  194  19:01  Drone  
  194  19:02  Drone x6  
  200  19:10  Spore Crawler x2, Spine Crawler  
  200  19:15  Hydralisk  
  151  19:43  Hydralisk x2  
  151  19:44  Hydralisk x13  
  144  19:47  Roach  
  144  19:55  Roach  
  144  19:56  Roach x4  
  154  20:01  Roach  
  154  20:02  Roach x2  
  154  20:03  Roach  
  154  20:06  Roach  
  166  20:07  Roach  
  166  20:09  Roach  
  166  20:11  Roach  
  166  20:14  Roach x2  
  174  20:26  Roach x5  
  174  20:27  Roach  
  181  20:55  Roach x9  
  199  21:01  Spore Crawler x2  
  199  21:03  Spine Crawler  
  196  21:04  Spine Crawler  
  196  21:09  Roach  
  196  21:10  Roach  
  199  21:22  Drone  
  192  21:53  Spore Crawler  
  191  21:57  Spore Crawler  
  191  21:58  Spore Crawler, Hydralisk x5  
  187  22:19  Hydralisk x5  
  187  22:20  Hydralisk x4  
  191  22:25  Roach  
  191  22:26  Roach x6  
  125  22:45  Viper  
  125  22:47  Overseer  
  120  22:51  Roach  
  120  22:52  Roach x4  
  128  23:02  Roach  
  128  23:03  Overlord, Roach x3  
  128  23:05  Roach  
  138  23:06  Hatchery  
  138  23:08  Roach  
  138  23:09  Hatchery  
  138  23:12  Drone x3  
  141  23:27  Roach x2  
  141  23:28  Roach x5  
  155  23:40  Hydralisk x2  
  155  23:43  Drone x6  
  155  23:44  Drone x2  
  161  24:01  Roach  
  161  24:02  Roach x6  
  175  24:03  Spore Crawler  
  174  24:10  Roach  
  174  24:11  Roach x3  
  182  24:31  Roach x5  
  182  24:32  Roach x3  
  130  24:51  Roach  
  130  24:52  Roach x7  
  116  24:59  Roach x3  
  118  25:01  Roach  
Tags
 
Add a new tag
Caveats
  • Supply blocks, unpowered buildings, or Contaminate may cause inaccurate times.
  • Supply counts are checked every 10 seconds.